 Dungeon Crawl Stone Soup version 0.24.0-13-gcf9b319 (webtiles) character file.

Game seed: 2005422361295993144, levelgen mode: deterministic

24140 Bronimir the Cleaver (level 12, -5/104 HPs)
             Began as a Centaur Gladiator on Apr 21, 2020.
             Was a Priest of Makhleb.
             Slain by a spiny frog (7 damage)
             ... while petrified by a basilisk
             ... on level 5 of the Lair of Beasts.
             The game lasted 00:33:42 (20363 turns).

Bronimir the Cleaver (Centaur Gladiator)           Turns: 20363, Time: 00:33:43

Health: -5/104     AC: 13    Str: 20    XL:     12   Next: 78%
Magic:  17/17      EV:  1    Int: 14    God:    Makhleb [***...]
Gold:   609        SH:  0    Dex: 13    Spells: 11/11 levels left

rFire    + . .     SeeInvis +   a - +4 hand axe (elec)
rCold    . . .     Gourm    .   d - +1 buckler {reflect}
rNeg     + + +     Faith    .   r - +0 scale mail
rPois    ∞         Spirit   .   X - +1 helmet
rElec    .         Reflect  +   R - +1 cloak of Atheism {MR- Int+7 Stlth+}
rCorr    .         Harm     .   (no gloves)
MR       .....                  (no barding)
Stlth    +.........             K - +3 amulet of reflection
HPRegen  0.27/turn              J - ring of see invisible
MPRegen  0.15/turn              V - ring of protection from fire (curse)

@: petrified, very quick
A: large, hooves 3, deformed body, speed 2, tough skin 3
a: Minor Destruction, Lesser Servant of Makhleb, Renounce Religion


You were on level 5 of the Lair of Beasts.
You worshipped Makhleb.
Makhleb was most pleased with you.
You were very hungry.

You visited 2 branches of the dungeon, and saw 13 of its levels.

You collected 771 gold pieces.
You spent 162 gold pieces at shops.

Inventory:

Hand Weapons
 a - a +4 hand axe of electrocution (weapon)
 b - a +0 hand crossbow
 n - a +4 quarterstaff of chaos
 q - a +0 war axe
 A - a +1 whip of freezing
 C - the +5 mace of the Extremes {crush, Str+2 Dex+3}
   (You found it on level 7 of the Dungeon)

   It inflicts extra damage upon your enemies.
   It affects your strength (+2).
   It affects your dexterity (+3).
 D - a +0 hunting sling
 N - a +0 hunting sling
Missiles
 i - 86 sling bullets
 j - 161 arrows
 k - 357 stones (quivered)
 w - 59 bolts
Armour
 c - a +0 helmet
 d - a +1 buckler of reflection (worn)
 p - a +2 cloak
 r - a +0 scale mail (worn)
 t - a +0 leather armour
 y - a scarf of resistance
 B - a +2 robe of magic resistance
 Q - a +0 crystal plate armour
 R - the +1 cloak of Atheism (worn) {MR- Int+7 Stlth+}
   (You found it on level 3 of the Lair of Beasts)

   It affects your intelligence (+7).
   It affects your resistance to hostile enchantments.
   It makes you more stealthy.
 X - a +1 helmet (worn)
 Y - a +0 shield
Jewellery
 I - an uncursed ring of protection from fire
 J - a ring of see invisible (left hand)
 K - a +3 amulet of reflection (around neck)
 T - an uncursed ring of protection from cold {unknown}
 V - a cursed ring of protection from fire (right hand)
Wands
 x - a wand of enslavement (5)
 F - a wand of random effects (16)
 M - a wand of flame (44)
 U - a wand of clouds (4)
Scrolls
 e - 5 scrolls of remove curse
 g - 20 scrolls of identify
 u - 2 scrolls of amnesia
 v - 6 scrolls of teleportation
 E - 2 scrolls of fog
 H - a scroll of random uselessness {unknown}
 L - 2 scrolls of blinking
 O - 2 scrolls of magic mapping
 S - a scroll of immolation
Potions
 h - a potion of curing
 l - a potion of might
 m - 2 potions of haste
 o - 4 potions of flight
 s - a potion of degeneration
 G - 2 potions of berserk rage {unknown}
 W - a potion of magic {unknown}
 Z - a potion of lignification {unknown}
Miscellaneous
 P - a sack of spiders
Comestibles
 f - 28 rations


   Skills:
 * Level 9.0 Fighting
 + Level 9.4(9.5) Axes
 + Level 2.1(6.3) Maces & Flails
 + Level 5.0(5.3) Slings
 + Level 0.6 Crossbows
 + Level 2.5(4.1) Throwing
 * Level 8.7 Armour
 * Level 5.8 Dodging
 - Level 0.5 Stealth
 * Level 4.3 Shields
 * Level 7.6 Invocations
 * Level 3.4 Evocations


You had 11 spell levels left.
You didn't know any spells.
Your spell library contained the following spells:

 Spells                   Type           Power        Failure   Level  Hunger
 Animate Skeleton         Necr           N/A          56%         1    ##.....
 Pain                     Necr           #...         56%         1    ##.....
 Regeneration             Chrm/Necr      #.........   91%         3    ####...
 Vampiric Draining        Necr           #.........   91%         3    ####...
 Animate Dead             Necr           N/A          100%        4    #####..


Dungeon Overview and Level Annotations

Branches:
Dungeon (8/15)             Temple (0/1) D:4            Lair (5/6) D:8
 Shoals (0/4) Lair:2       Spider (0/4) Lair:2
  Slime: Lair:5-6

Altars:
Dithmenos
Makhleb
Qazlal
Yredelemnul

Shops:
D:8 [

Annotations:
Lair:2 3 runed translucent doors, Tioxuhats's ghost, journeyman GnWz
Lair:4 exclusion: oklob plant


Innate Abilities, Weirdness & Mutations

You have hooves in place of feet.
Armour fits poorly on your strangely shaped body.
You cover ground very quickly.
You have extremely tough skin. (AC +3)


Message History

The crocodile bites you but does no damage.
The four-headed hydra bites you!
* * * LOW HITPOINT WARNING * * *
The four-headed hydra bites you.
* * * LOW HITPOINT WARNING * * *
The four-headed hydra bites you but does no damage. x2
The fire crab bites you but does no damage.
The fire crab claws you!
* * * LOW HITPOINT WARNING * * *
You are engulfed in flames!
You resist.
* * * LOW HITPOINT WARNING * * *
The spiny frog barely misses you. The crocodile bites you!
* * * LOW HITPOINT WARNING * * *
The four-headed hydra bites you but does no damage. x2
The four-headed hydra bites you.
* * * LOW HITPOINT WARNING * * *
The four-headed hydra bites you!
* * * LOW HITPOINT WARNING * * *
The spiny frog stings you!
You die...

#......+..........# .....
......#....P....# #......
#.#.###........#####.......
..######......##.#.#.......
..#...#P...................
...........................
...............F.†.........
...............Dt..........
..............lt@..........
.........†....tF#........P.
.....P.....###..###.....##.
............####.#......P#
........#...t...+.......##
............##..........#
........#...##..#.#.......
#..PP......##....##.......
....#.......###..# ....


You could see a four-headed hydra, a fire crab, a spiny frog, a basilisk, a
blink frog and 2 crocodiles.

Vanquished Creatures
  2 hydras (Lair:4)
  2 two-headed ogres (D:8)
  Pikel (D:4)
  An elephant (Lair:3)
  7 spiny frogs
  3 black mambas
  3 rime drakes (Lair:4)
  3 komodo dragons
  Prince Ribbit (D:5)
  Grinder (D:3)
  8 blink frogs
  15 hippogriffs
  A snapping turtle (Lair:2)
  A spriggan (D:7)
  17 yaks
  4 wyverns
  2 basilisks
  Edmund (D:4)
  9 water moccasins
  4 porcupines
  A black bear (Lair:3)
  2 ice beasts
  3 phantoms
  A slave (D:4)
  An orc warrior (D:8)
  6 ogres
  2 wolves (Lair:3)
  7 crocodiles
  16 bullfrogs
  A water moccasin zombie (D:6)
  4 wights (D:8)
  6 killer bees (D:7)
  An electric eel (D:7)
  2 crimson imps
  2 bullfrog zombies (D:6)
  6 hounds
  2 jellies
  4 orc wizards
  6 orc priests
  2 quasits
  Crazy Yiuf (D:7)
  Jessica (D:3)
  Natasha (thrice) (D:2)
  2 iguanas
  9 worker ants
  Terence (D:3)
  2 killer bee zombies
  A worker ant zombie (D:5)
  13 adders
  3 gnolls (D:6)
  A howler monkey skeleton (D:6)
  2 shadow imps
  2 adder zombies
  An adder skeleton (D:6)
  2 worms
  4 dart slugs
  4 leopard geckos
  26 orcs
  5 giant cockroaches
  6 goblins
  7 hobgoblins
  6 jackals (D:2)
  4 kobolds
  4 quokkas
  A ball python (D:4)
  5 bats
  4 frilled lizards
  A jackal skeleton (D:5)
  2 rats
  4 fungi
  5 plants
293 creatures vanquished.

Vanquished Creatures (collateral kills)
  2 hydras
  A catoblepas (Lair:2)
  A blink frog (Lair:2)
  A hippogriff (Lair:3)
  2 yaks (Lair:3)
  A wyvern (Lair:4)
  A water moccasin (Lair:2)
  A crocodile (Lair:3)
10 creatures vanquished.

Vanquished Creatures (others)
  An adder (D:4)
  9 fungi
  6 plants
16 creatures vanquished.

Grand Total: 319 creatures vanquished

Notes
Turn   | Place    | Note
-------+----------+-------------------------------------------
     0 | D:1      | Bronimir the Centaur Gladiator began the quest for the Orb.
     0 | D:1      | Reached XP level 1. HP: 17/17 MP: 1/1
   494 | D:1      | You fall into a shaft and drop 1 floor!
   502 | D:2      | Reached XP level 2. HP: 17/24 MP: 2/2
  1024 | D:3      | Noticed Jessica
  1029 | D:3      | Killed Jessica
  1029 | D:3      | Reached XP level 3. HP: 23/29 MP: 3/3
  1236 | D:3      | Noticed Terence
  1388 | D:2      | Reached XP level 4. HP: 25/36 MP: 4/4
  1458 | D:2      | Noticed Natasha
  1462 | D:2      | Killed Natasha
  1567 | D:2      | Noticed Natasha
  1570 | D:2      | Reached skill level 1 in Armour
  1572 | D:2      | Killed Natasha
  1700 | D:2      | Reached XP level 5. HP: 37/44 MP: 5/5
  1835 | D:3      | Killed Terence
  1892 | D:2      | Noticed Natasha
  1902 | D:2      | Killed Natasha
  2492 | D:1      | You fall into a shaft and drop 1 floor!
  2958 | D:3      | Reached skill level 1 in Slings
  2958 | D:3      | Reached XP level 6. HP: 51/51 MP: 6/6
  3261 | D:3      | Noticed Grinder
  3273 | D:3      | Paralysed by Grinder for 2 turns
  3530 | D:3      | Paralysed by Grinder for 5 turns
  3557 | D:3      | Killed Grinder
  3800 | D:3      | Reached XP level 7. HP: 23/58 MP: 7/7
  4044 | D:3      | Found a burning altar of Makhleb.
  4049 | D:3      | Became a worshipper of Makhleb the Destroyer
  4219 | D:4      | Found a staircase to the Ecumenical Temple.
  4246 | D:4      | Noticed Pikel
  4575 | D:4      | Killed Pikel
  4575 | D:4      | Reached skill level 5 in Axes
  4575 | D:4      | Reached skill level 1 in Invocations
  4575 | D:4      | Reached XP level 8. HP: 67/67 MP: 7/9
  4650 | D:4      | Found a shadowy altar of Dithmenos.
  4651 | D:4      | You fall into a shaft and drop 2 floors!
  5081 | D:6      | Reached * piety under Makhleb
  5269 | D:6      | Reached skill level 5 in Fighting
  5293 | D:6      | Reached XP level 9. HP: 23/74 MP: 10/10
  5329 | D:5      | Entered Level 5 of the Dungeon
  6124 | D:4      | Noticed Edmund
  6156 | D:4      | Killed Edmund
  6844 | D:5      | Noticed Prince Ribbit
  6862 | D:5      | Killed Prince Ribbit
  8060 | D:7      | Reached ** piety under Makhleb
  8460 | D:7      | Found a runed translucent door.
  8461 | D:7      | Noticed Crazy Yiuf
  8655 | D:7      | Killed Crazy Yiuf
  8664 | D:7      | Got an encrusted mace
  8665 | D:7      | Identified the +5 mace of the Extremes {crush, Str+2 Dex+3}
                  | (You found it on level 7 of the Dungeon)
  8846 | D:7      | Reached skill level 5 in Armour
  8895 | D:7      | Reached XP level 10. HP: 51/83 MP: 13/13
  8912 | D:7      | Reached skill level 1 in Maces & Flails
 10005 | D:8      | Reached skill level 5 in Invocations
 10378 | D:8      | Noticed a two-headed ogre
 10763 | D:8      | Noticed a two-headed ogre
 11211 | D:8      | Found Magusero's Armour Boutique.
 11223 | D:8      | Bought a +1 buckler of reflection for 162 gold pieces
 11392 | D:8      | Killed a two-headed ogre
 11568 | D:8      | Killed a two-headed ogre
 11568 | D:8      | Reached skill level 1 in Shields
 11632 | D:8      | Found a staircase to the Lair.
 11669 | D:8      | Found a stormy altar of Qazlal.
 12095 | Lair:1   | Entered Level 1 of the Lair of Beasts
 12221 | D:8      | Reached XP level 11. HP: 56/92 MP: 15/15
 12605 | Lair:1   | Reached *** piety under Makhleb
 12631 | Lair:1   | Reached skill level 5 in Slings
 12858 | Lair:1   | HP: 4/92 [blink frog (7)]
 14242 | Lair:2   | Found a runed translucent gate.
 14242 | Lair:2   | Found a runed translucent gate.
 14243 | Lair:2   | Found a runed translucent gate.
 14262 | Lair:2   | You fall into a shaft and drop 2 floors!
 14315 | Lair:4   | Noticed an eight-headed hydra
 14720 | Lair:2   | Noticed a catoblepas
 14763 | Lair:2   | Noticed a minotaur
 14768 | Lair:2   | Noticed Tioxuhats's ghost (journeyman GnWz)
 14786 | Lair:2   | Reached skill level 5 in Dodging
 15828 | Lair:2   | Reached skill level 1 in Evocations
 16404 | Lair:2   | Killed a catoblepas
 16613 | Lair:2   | Found a hole to the Spider Nest.
 16646 | Lair:2   | Found a staircase to the Shoals.
 17188 | Lair:3   | Noticed a seven-headed hydra
 17223 | Lair:3   | Killed a seven-headed hydra
 17223 | Lair:3   | Reached XP level 12. HP: 70/102 MP: 17/17
 17734 | Lair:3   | Got a heavily runed cloak
 17745 | Lair:3   | Identified the +1 cloak of Atheism {MR- Int+7 Stlth+} (You
                  | found it on level 3 of the Lair of Beasts)
 17911 | Lair:3   | Found a basalt altar of Yredelemnul.
 18236 | Lair:4   | Noticed a four-headed hydra
 19323 | Lair:4   | Noticed a five-headed hydra
 19572 | Lair:4   | Killed an eight-headed hydra
 19596 | Lair:4   | Killed a four-headed hydra
 19620 | Lair:4   | Killed a five-headed hydra
 20355 | Lair:5   | Noticed a four-headed hydra
 20363 | Lair:5   | HP: 5/104 [four-headed hydra (2)]
 20363 | Lair:5   | HP: 2/104 [four-headed hydra (3)]
 20363 | Lair:5   | Slain by a spiny frog

Levels and vault maps discovered:
D:1:      dpeg_arrival_boxes_within_box, layout_loops_ring, minmay_tetromino_o2
D:2:      layout_loops_ring, uniq_natasha
D:3:      layout_loops_ring, first_ration, makhleb_heckhound_becter,
          uniq_jessica, uniq_terence, uniq_grinder
D:4:      layout_basic, minmay_temple_entry_trees,
          grunt_dithmenos_smoke_and_mirrors, uniq_pikel, uniq_edmund
D:5:      layout_basic, uniq_prince_ribbit1
D:6:      layout_loops_ring, minmay_fractal_squares_5
D:7:      layout_loops_corners, the_bakery, serial_bayou_lake_a,
          uniq_crazy_yiuf_cottage
D:8:      layout_cave_pools, david_lair_shrubbed, serial_shops, shop,
          nicolae_qazlal_style_of_elements
Lair:1:   layout_regular_city, grunt_megastairs_4
Lair:2:   layout_gridlike, minmay_shoals_entry_hut, dummy_spider_entry,
          maelrawn_ghost_gauntlet_escape, st_stairs_3
Lair:3:   layout_misc_corridors, basic_altar, serial_bayou_pond_b,
          beast_lair_carwin_5
Lair:4:   layout_misc_corridors, special_room [special_room_mythical_zoo]
Lair:5:   layout_regular_city

Skill      XL: |  1  2  3  4  5  6  7  8  9 10 11 12 |
---------------+-------------------------------------+-----
Axes           | 3 4 5 6 8 9 |  9.4
Armour         | 1 3 5 6 7 8 |  8.7
Fighting       | 3 4 5 6 7 8 9 |  9.0
Slings         | 1 2 3 4 5 |  5.0
Dodging        | 3 4 5 |  5.8
Invocations    | 1 2 4 5 6 7 |  7.6
Maces & Flails | 2 |  2.1
Shields        | 1 3 4 |  4.3
Evocations     | 1 3 |  3.4
Crossbows      | |  0.6
Throwing       | |  2.5
Stealth        | |  0.5

Action                   |  1- 3 |  4- 6 |  7- 9 | 10-12 || total
-------------------------+-------+-------+-------+-------++-------
Melee: War axe           |    55 |       |       |       ||    55
       Kick              |    13 |    29 |    66 |   168 ||   276
       Hand axe          |       |   106 |   262 |   542 ||   910
       Mace              |       |       |    28 |    18 ||    46
 Fire: Hunting sling     |       |    57 |       |    43 ||   100
       Hand crossbow     |       |       |       |     5 ||     5
Throw: Throwing net      |     2 |       |     6 |     2 ||    10
Invok: Minor Destruction |       |       |       |     5 ||     5
       Lesser Servant of |       |       |       |    10 ||    10
Evoke: Wand              |       |       |       |    12 ||    12
  Use: Potion            |     1 |     5 |       |    10 ||    16
       Scroll            |       |     2 |     6 |     6 ||    14
 Stab: Held in net/web   |       |       |     1 |     1 ||     2
       Distracted        |       |       |       |     2 ||     2
       Petrified         |       |       |       |     1 ||     1
  Eat: Chunk             |     1 |     4 |    16 |    17 ||    38
       Ration            |       |       |       |     4 ||     4
Armor: Leather armour    |    22 |    12 |       |       ||    34
       Scale mail        |       |    31 |   106 |   226 ||   363
Dodge: Dodged            |    36 |    36 |   104 |   249 ||   425
Block: Other             |       |       |    11 |    21 ||    32
       Buckler           |       |       |       |   224 ||   224
       Reflection        |       |       |       |     3 ||     3
